 Dungeon Crawl Stone Soup version 0.29.0-4-gdea44cf6ec (webtiles) character file.

Game seed: 1297556810880731116

522 qw the Chopper (level 7, 0/42 HPs)
             Began as a Tengu Warper on Aug 28, 2022.
             Was an Initiate of Okawaru.
             Succumbed to a scorpion's poison
             ... on level 4 of the Dungeon.
             The game lasted 00:00:22 (4785 turns).

qw the Chopper (Tengu Warper)                       Turns: 4785, Time: 00:00:23

Health: 0/42       AC:  7    Str: 13    XL:     7   Next: 22%
Magic:  11/11      EV: 14    Int: 14    God:    Okawaru [......]
Gold:   273        SH:  5    Dex: 19    Spells: 10/10 levels left

rFire   . . .      SeeInvis .   Y - +1 hand axe
rCold   + . .      Faith    .   (no shield)
rNeg    . . .      Spirit   .   a - +0 ring mail
rPois   .          Reflect  +   (helmet restricted)
rElec   .          Harm     .   i - +0 cloak
rCorr   .          Rampage  .   k - +0 pair of gloves
Will    .....                   (boots unavailable)
Stlth   +.........              q - amulet of reflection
HPRegen 0.14/turn               c - ring of protection from cold
MPRegen 0.12/turn               h - +6 ring of dexterity

@: lethally poisoned (0 -> -13), flying quickly and evasively, quick
A: beak, talons 3, nimble flight
a: Renounce Religion


You were on level 4 of the Dungeon.
You worshipped Okawaru.
Okawaru was noncommittal.
You visited 2 branches of the dungeon, and saw 5 of its levels.

You collected 273 gold pieces.


Innate Abilities, Weirdness & Mutations

You have a beak for a mouth.
You have claws for feet.
Your magical nature lets you fly swiftly and evasively.


   Skills:
 - Level 3.7 Fighting
 + Level 7.3 Axes
 - Level 1.0 Throwing
 - Level 1.1 Armour
 - Level 3.0 Dodging
 - Level 2.0 Spellcasting
 - Level 2.4 Translocations


You had 10 spell levels left.
You didn't know any spells.
Your spell library contained the following spells:

 Spells                   Type           Power      Damage    Failure   Level
 Blink                    Tloc           16%        N/A       28%         2
 Gell's Gravitas          Tloc           8%         N/A       50%         3
 Lesser Beckoning         Tloc           8%         N/A       50%         3
 Teleport Other           Tloc           8%         N/A       50%         3
 Manifold Assault         Tloc           8%         N/A       99%         5

Inventory:

Hand Weapons
 d - a +0 whip
 Y - a +1 hand axe (weapon)
Armour
 a - a +0 ring mail (worn)
 i - a +0 cloak (worn)
 k - a +0 pair of gloves (worn)
Jewellery
 c - a ring of protection from cold (left hand)
 h - a +6 ring of dexterity (right hand)
 q - an amulet of reflection (around neck)
Scrolls
 e - 2 scrolls of identify
Potions
 j - a potion of brilliance {unknown}
 l - a potion of invisibility {unknown}
 m - a potion of might {unknown}
 n - a potion of haste {unknown}
 o - a potion of curing {unknown}
 r - a potion of berserk rage {unknown}

Dungeon Overview and Level Annotations

Branches:
Dungeon (4/15)             Temple (1/1) D:4

Altars:
Dithmenos
Elyvilon
Fedhas
Gozag
Hepliaklqana
Kikubaaqudgha
Makhleb
Nemelex Xobeh
Okawaru
Qazlal
Ru
Sif Muna
Trog
Uskayaw
Vehumet
Wu Jian
Zin
The Shining One

Annotations:
D:3 1 runed translucent door, Crazy Yiuf


Message History

You hit the iguana but do no damage. You claw the iguana, but do no damage.
Your peck misses the iguana.
The iguana is severely wounded.
You hit the scorpion.
You feel sick. The iguana closely misses you. The scorpion barely misses you.
You hit the iguana. You claw the iguana.
The iguana is severely wounded.
You hit the scorpion.
You feel sick. The scorpion closely misses you. The iguana barely misses you.
You barely miss the iguana. You claw the iguana.
The iguana is almost dead.
You hit the scorpion.
You feel sick. The scorpion stings you. The iguana bites you!
You hit the iguana but do no damage.
The iguana is almost dead.
You hit the scorpion.
You feel sick.
The scorpion stings you but does no damage.
The iguana closely misses you.
You hit the iguana.
You kill the iguana!
Okawaru accepts your kill.
You hit the scorpion but do no damage. You block the scorpion's attack.
You hit the scorpion but do no damage. You claw the scorpion.
The scorpion is almost dead.
You feel sick.
The scorpion stings you but does no damage.
You completely miss the scorpion.
You claw the scorpion, but do no damage.
The scorpion is almost dead.
You feel sick.
You are no longer poisoned.
The scorpion misses you. The scorpion stings you.
You are lethally poisoned!
The scorpion poisons you!
You hit the scorpion.
You kill the scorpion!
Okawaru accepts your kill.
You die...

..................#
#..#.###.
.................#
##.##...##
.#..............#
#..#......
##..............##
...##..>..#
###..........#...##
.#........# #
##.......###....
...###...## #
##.....###...#
.....###.#. #
##..####....##
#......#.#. #
##.### #....@#
###..... ####.##
#%###..# #......#..
#..## #.# ##.#
##........ ##..#
##<# ... ....###...
#.).# #..# ....
..........
#.%.#######..#
...............#
#............##
................
..............##
...... ........
...............#
.......


There were no monsters in sight!

Vanquished Creatures
  Menkaure (D:4)
  An ogre (D:4)
  3 scorpions (D:4)
  A hound (D:4)
  An iguana (D:4)
  A gnoll (D:1)
  6 adders
  A shadow imp (D:4)
  3 worms
  2 dart slugs
  4 ball pythons
  4 bats
  4 endoplasms
  2 giant cockroaches (D:3)
  7 goblins
  5 hobgoblins
  5 jackals
  6 quokkas
  2 frilled lizards
  2 kobolds
  8 rats
69 creatures vanquished.

Vanquished Creatures (others)
  2 plants
2 creatures vanquished.

Grand Total: 71 creatures vanquished

Notes
Turn   | Place    | Note
-------+----------+-------------------------------------------
     0 | D:1      | qw the Tengu Warper began the quest for the Orb.
     0 | D:1      | Reached XP level 1. HP: 12/12 MP: 4/4
     0 | D:1      | 0 ||| qw: Version: 0.1-a-89-g26bdef1
     0 | D:1      | 0 ||| qw: Game counter: 2826
     0 | D:1      | 0 ||| qw: Always use a shield: true
     0 | D:1      | 0 ||| qw: God list: Okawaru
     0 | D:1      | 0 ||| qw: Allow faded altars: false
     0 | D:1      | 0 ||| qw: Do Orc after D:15 true
     0 | D:1      | 0 ||| qw: Do second Lair branch before Depths: true
     0 | D:1      | 0 ||| qw: Lair rune preference: random
     0 | D:1      | 0 ||| qw: Plans: Normal
     0 | D:1      | 0 ||| PLANNING D:1-11
    10 | D:1      | 10 ||| Stepping ~*~*~tactically~*~*~ (stealth).
    11 | D:1      | 11 ||| Stepping ~*~*~tactically~*~*~ (stealth).
   341 | D:1      | Reached skill level 3 in Axes
   341 | D:1      | Reached XP level 2. HP: 12/17 MP: 6/6
   482 | D:1      | 482 ||| DROPPING +0 club.
   681 | D:1      | 681 ||| Stepping ~*~*~tactically~*~*~ (hiding).
  1016 | D:1      | Reached XP level 3. HP: 21/21 MP: 7/7
  1231 | D:1      | 1231 ||| UPGRADING to +0 cloak.
  1236 | D:1      | 1236 ||| READING scroll labelled IVUMAY ETUCREU.
  1237 | D:1      | 1237 ||| READING scroll labelled KEQURU YSIDOPT.
  1238 | D:1      | 1238 ||| DROPPING scroll of blinking.
  1295 | D:2      | Reached skill level 4 in Axes
  1625 | D:2      | Reached XP level 4. HP: 26/26 MP: 8/8
  1679 | D:2      | 1679 ||| Stepping ~*~*~tactically~*~*~ (hiding).
  1819 | D:2      | 1819 ||| Stepping ~*~*~tactically~*~*~ (stealth).
  1834 | D:2      | Reached skill level 5 in Axes
  2209 | D:2      | 2209 ||| Stepping ~*~*~tactically~*~*~ (stealth).
  2212 | D:2      | 2212 ||| Stepping ~*~*~tactically~*~*~ (stealth).
  2214 | D:2      | 2214 ||| Stepping ~*~*~tactically~*~*~ (stealth).
  2720 | D:2      | 2720 ||| UPGRADING to ring of protection from cold.
  2721 | D:2      | 2721 ||| READING scroll labelled PODDYE VADIOGH.
  2822 | D:2      | 2822 ||| READING 2 scrolls labelled LAEMPE YDOULOEFA.
  2823 | D:2      | 2823 ||| READING scroll labelled MIAVU QEAL.
  2862 | D:3      | Found a hazy altar of Hepliaklqana.
  3045 | D:3      | Found a runed translucent door.
  3046 | D:3      | Noticed Crazy Yiuf
  3263 | D:3      | Gained mutation: Your magical nature lets you fly swiftly
                  | and evasively. [Tengu growth]
  3263 | D:3      | Reached XP level 5. HP: 30/30 MP: 9/9
  3688 | D:3      | 3688 ||| UPGRADING to +0 ring mail.
  3698 | D:3      | 3698 ||| DROPPING +0 leather armour.
  3699 | D:3      | 3699 ||| UPGRADING to +0 pair of gloves.
  3704 | D:3      | 3704 ||| DROPPING orb of wrath.
  3705 | D:3      | 3705 ||| UPGRADING to amulet of reflection.
  3710 | D:3      | 3710 ||| UPGRADING to +6 ring of dexterity.
  3711 | D:3      | 3711 ||| READING 2 scrolls labelled DUMIDI IROFF.
  3749 | D:3      | 3749 ||| DRINKING 2 dark potions.
  3750 | D:3      | 3750 ||| READING 2 scrolls of identify.
  3750 | D:3      | 3750 ||| IDENTIFYING smoky puce potion
  3751 | D:3      | 3751 ||| DROPPING potion of degeneration.
  3804 | D:4      | Found a sparkling altar of Nemelex Xobeh.
  3841 | D:4      | Noticed Menkaure
  3842 | D:4      | 3842 ||| Stepping ~*~*~tactically~*~*~ (hiding).
  3843 | D:4      | 3843 ||| Stepping ~*~*~tactically~*~*~ (hiding).
  3850 | D:4      | Killed Menkaure
  3851 | D:4      | Reached skill level 6 in Axes
  3851 | D:4      | Reached XP level 6. HP: 23/35 MP: 10/10
  4179 | D:4      | Found a staircase to the Ecumenical Temple.
  4180 | D:4      | 4180 ||| PLANNING TEMPLE
  4180 | D:4      | 4180 ||| READING scroll labelled MAPPEL KEEMISH.
  4181 | D:4      | 4181 ||| READING scroll labelled COCITU TIGG.
  4182 | D:4      | 4182 ||| READING 2 scrolls of identify.
  4182 | D:4      | 4182 ||| IDENTIFYING orange potion
  4183 | D:4      | 4183 ||| DROPPING potion of attraction.
  4191 | Temple   | Entered the Ecumenical Temple
  4294 | Temple   | Became a worshipper of Warmaster Okawaru
  4369 | Temple   | 4369 ||| PLANNING D:1-11
  4446 | D:4      | Reached skill level 3 in Dodging
  4453 | D:4      | 4453 ||| Stepping ~*~*~tactically~*~*~ (stealth).
  4454 | D:4      | 4454 ||| Stepping ~*~*~tactically~*~*~ (stealth).
  4528 | D:4      | Reached skill level 7 in Axes
  4653 | D:4      | HP: 4/35 [ogre/+0 giant club (19)]
  4654 | D:4      | 4654 ||| READING scroll of teleportation.
  4655 | D:4      | 4655 ||| DRINKING potion of heal wounds.
  4660 | D:4      | Reached skill level 3 in Fighting
  4660 | D:4      | Reached XP level 7. HP: 42/42 MP: 11/11
  4709 | D:4      | 4709 ||| Stepping ~*~*~tactically~*~*~ (stealth).
  4780 | D:4      | HP: 10/42 [iguana (9)]
  4784 | D:4      | HP: 3/42 [scorpion (4)]
  4785 | D:4      | Succumbed to a scorpion's poison

Levels and vault maps discovered:
D:1:      scummos_arrival_star, layout_loops_corners
D:2:      minmay_chambers_of_twos, layout_loops_corners, serial_forest,
          infiniplex_forest_lined_2, infiniplex_forest_lined_corner,
          infiniplex_forest_lined_2, infiniplex_forest_end_double,
          infiniplex_forest_clump_large, infiniplex_forest_lined_2,
          infiniplex_forest_clump_long
D:3:      layout_loops_ring, nicolae_hepliaklqana_hazy_memory,
          uniq_crazy_yiuf_cottage
D:4:      layout_layer_cave, mainiacjoe_overflow_brackets,
          minmay_temple_entry_slanted, uniq_ijyb, uniq_menkaure
Temple:   eino_temple_rhombus

Skill      XL: |  1  2  3  4  5  6 |
---------------+-------------------+-----
Axes           | 3 4 5 6 7 |  7.3
Dodging        | 3 |  3.0
Fighting       | 3 |  3.7
Throwing       | |  1.0
Armour         | |  1.1
Spellcasting   | |  2.0
Translocations | |  2.4

Action                   |  1- 3 |  4- 6 |  7- 9 || total
-------------------------+-------+-------+-------++-------
Melee: Hand axe          |    57 |   126 |    15 ||   198
       Kick              |    14 |    38 |     8 ||    60
       Peck              |     7 |    15 |     1 ||    23
       Punch             |     1 |       |       ||     1
Throw: Boomerang         |     7 |       |       ||     7
  Use: Scroll            |     2 |     9 |       ||    11
       Potion            |       |     2 |       ||     2
Armor: Leather armour    |     9 |    27 |       ||    36
       Ring mail         |       |     8 |     3 ||    11
Dodge: Dodged            |    31 |    67 |     7 ||   105
Block: Other             |       |     3 |     2 ||     5

Table legend:
 A = Non-vault XP
 B = Vault XP
 C = Vault XP percentage of total XP
 D = Non-vault monster count
 E = Vault monster count
 F = Vault count percentage of total count
                 A         B        C        D         E       F
            +---------+---------+-------+---------+---------+-------
      Total |     641 |     188 |  22.7 |      60 |       9 |  13.0
            +---------+---------+-------+---------+---------+-------
        D:1 |      36 |       0 |   0.0 |      15 |       0 |   0.0
        D:2 |      76 |      16 |  17.4 |      20 |       8 |  28.6
        D:3 |      42 |       0 |   0.0 |       8 |       0 |   0.0
        D:4 |     487 |     172 |  26.1 |      17 |       1 |   5.6
            +---------+---------+-------+---------+---------+-------
